 Dungeon Crawl Stone Soup version 0.23.0-3-gf3c87f2df8 (webtiles) character file.

Game seed: 9016071830637860004

32 mhilhors the Chiller (level 3, 0/26 HPs)
             Began as a Draconian Ice Elementalist on Feb 24, 2019.
             Slain by an orc
             ... wielding a +0 trident
              (2 damage)
             ... on level 4 of the Dungeon.
             The game lasted 00:05:30 (1489 turns).

mhilhors the Chiller (Draconian Ice Elementalist)   Turns: 1489, Time: 00:05:30

Health: 0/26       AC:  6    Str: 10    XL:     3   Next: 10%
Magic:  5/7        EV: 12    Int: 16    God:
Gold:   52         SH:  0    Dex: 11    Spells: 6/7 levels left

rFire    . . .     SeeInvis .   g - +0 short sword (elec)
rCold    . . .     Gourm    .   (no shield)
rNeg     . . .     Faith    .   (armour unavailable)
rPois    .         Spirit   .   (helmet restricted)
rElec    .         Reflect  .   (no cloak)
rCorr    .         Harm     .   c - +0 pair of gloves
MR       .....                  (no boots)
Stlth    ++........             (no amulet)
HPRegen  0.08/turn              (no ring)
MPRegen  0.10/turn              (no ring)

@: no status effects
A: unfitting armour, cold-blooded, AC +5
a: no special abilities


You were on level 4 of the Dungeon.
You were not hungry.

You visited 1 branch of the dungeon, and saw 3 of its levels.

You collected 52 gold pieces.

Inventory:

Hand Weapons
 g - a +0 short sword of electrocution (weapon)
Missiles
 d - 71 stones (quivered)
Armour
 c - a +0 pair of gloves (worn)
Scrolls
 f - a scroll of amnesia {unknown}
 h - a scroll of noise {unknown}
 i - a scroll of enchant armour {unknown}
 j - a scroll of enchant weapon {unknown}
Potions
 e - 2 potions of haste
Comestibles
 b - 4 rations


   Skills:
 - Level 1.7 Dodging
 - Level 1.7 Stealth
 + Level 2.7 Spellcasting
   Level 1.0 Conjurations
 + Level 3.7 Ice Magic


You had 6 spell levels left.
You knew the following spells:

 Your Spells              Type           Power        Failure   Level  Hunger
a - Freeze                Ice            ##..         4%          1    #......

Your spell library contained the following spells:

 Spells                   Type           Power        Failure   Level  Hunger
 Throw Frost              Conj/Ice       #.....       11%         2    ##.....
 Ozocubu's Armour         Chrm/Ice       #.......     26%         3    ###....
 Throw Icicle             Conj/Ice       #.......     58%         4    #####..
 Summon Ice Beast         Ice/Summ       #.......     65%         4    #####..


Dungeon Overview and Level Annotations

Branches:
Dungeon (2/15)

Altars:


Innate Abilities, Weirdness & Mutations

Your plain brown scales are hard. (AC +5)
You cannot fit into any form of body armour.
You are cold-blooded and may be slowed by cold attacks.


Message History

Press: ? - help, Shift-Dir - straight line, f - leopard gecko, p - orc
Aim: a leopard gecko You freeze the leopard gecko.
The leopard gecko is almost dead.
The orc priest hits you but does no damage.
The leopard gecko bites you but does no damage.
Casting: Freeze (safe; 4% risk of failure)
Confirm with . or Enter, or press ? or * to list all spells.
Aiming: Freeze (safe; 4% risk of failure)
Press: ? - help, Shift-Dir - straight line, f - orc priest, p - leopard gecko
Aim: an orc priest, wielding a +0 club and wearing a +0 leather armour You freeze the orc priest.
The orc priest is lightly wounded.
An orc comes into view. It is wielding a +0 club.
The leopard gecko closely misses you.
The orc priest calls down the wrath of Beogh upon you.
Beogh smites you!
* * * LOW HITPOINT WARNING * * *
The orc hits you from afar with a +0 trident.
You die...

.# ..### ... ...
...#... ...> ...
..# .... #..
..####
....##.##.....##
#..#..#.....%..
####..#@.........
#.....olo........
..##..o.#........
#...#.#.###....
#....#.### ...
....#.#.#.##
##.##..o...# ##
##.o##..%.. #..##
....


You could see an orc priest, 4 orcs and a leopard gecko.

Vanquished Creatures
  A dart slug (D:1)
  A leopard gecko (D:1)
  8 bats
  3 goblins (D:1)
  6 hobgoblins
  4 frilled lizards
  2 kobolds (D:1)
  5 rats (D:1)
30 creatures vanquished.

Notes
Turn   | Place    | Note
-------+----------+-------------------------------------------
     0 | D:1      | mhilhors the Draconian Ice Elementalist began the quest for
                  | the Orb.
     0 | D:1      | Reached XP level 1. HP: 14/14 MP: 3/3
   233 | D:1      | Reached XP level 2. HP: 20/20 MP: 5/5
  1210 | D:1      | Reached XP level 3. HP: 26/26 MP: 7/7
  1463 | D:2      | You fall through a shaft for 2 floors!
  1489 | D:4      | Slain by an orc

Action                   || total
-------------------------++-------
Melee: Short sword       ||    26
       Tailslap          ||     2
Throw: Stone             ||    42
 Cast: Freeze            ||    26
 Stab: Sleeping          ||     1
  Eat: Chunk             ||     2
Armor: Skin              ||    17
Dodge: Dodged            ||    24
